Wild vs Sabres

Created - 22 novembre 2017 at 15:55

Goals
1 2 3 T
Wild 3 0 2 5
Sabres 0 2 0 2
Shots
1 2 3 T
Wild 14 13 11 38
Sabres 6 9 9 24

1st period

1. Wild , Jason Pominville 11 (Matt Duchene 10, Leon Draisaitl 9) at 3:26
2. Wild , Dylan Hunter 7 (Mark Stone 12, Tim Conboy 4) at 13:57
3. Wild , Matt Duchene 7 (Andy Greene 18) at 18:05 (PP)

Penalties :
Brent Seabrook (BUF) for Tripping (Minor) at 16:36

2nd period

4. Sabres , Alexander Frolov 14 (J.P. Dumont 6, James Van Riemsdyk 9) at 7:10
5. Sabres , Alexander Frolov 15 (J.P. Dumont 7, James Van Riemsdyk 10) at 8:31

Penalties :
Ian White (MIN) for High sticking (Double Minor) at 11:25

3rd period

6. Wild , Leon Draisaitl 8 (Andy Greene 19, Johan Franzen 4) at 4:15 (PP)
7. Wild , Andy Greene 3 (Jason Pominville 12) at 19:40

Penalties :
Brent Seabrook (BUF) for Goalie Interference (Minor) at 3:35, Daniel Briere (BUF) for Hooking (Minor) at 15:25

Goalie Stats

Josh Harding (MIN), 22 saves from 24 shots - (0,917), W, 3-2-0, 60:00 minutes
Jake Allen (BUF), 33 saves from 38 shots - (0,868), L, 7-3-3, 60:00 minutes

Players Stats for Wild

Player Name              G  A  P  +/- PIM S  H  SB GA TA FO     MP     PP MP  PK MP  
------------------------------------------------------------------------------------
Andy Greene              1  2  3   0  0   4  0  2  0  0  0/0    24:42   2:02   2:21 
Anton Volchenkov         0  0  0   1  0   2  4  0  0  0  0/0    16:00   0:00   1:41 
Colin Wilson             0  0  0   0  0   1  0  0  0  0  0/0     5:15   0:00   0:00 
Drew Miller              0  0  0  -1  0   0  0  0  0  0  2/15   11:12   0:00   0:00 
Dylan Hunter             1  0  1   0  0   2  5  0  0  0  0/0    19:06   1:55   0:00 
Ian White                0  0  0   0  4   1  5  0  0  0  0/0    22:24   2:06   0:00 
Jason Pominville         1  1  2   2  0   5  1  0  0  0  1/1    18:15   0:00   0:00 
Johan Franzen            0  1  1  -1  0   1  1  0  0  0  2/3    15:37   2:13   2:12 
Leon Draisaitl           1  1  2   2  0   4  5  0  0  0  3/6    22:40   2:13   2:12 
Mark Stone               0  1  1   0  0   4  0  0  0  0  1/3    20:53   1:55   1:47 
Marvin Degon             0  0  0   0  0   1  2  0  0  0  0/0    20:59   2:06   1:38 
Matt Duchene             1  1  2   2  0   5  1  0  0  0  9/23   20:28   2:13   0:00 
Mikko Koivu              0  0  0   0  0   4  1  1  0  0  19/29  20:53   1:55   1:47 
Paul Ranger              0  0  0   0  0   1  0  2  0  0  0/0    17:55   0:00   0:40 
Peter Olvecky            0  0  0  -1  0   2  2  0  0  0  0/1    11:12   0:00   0:00 
Radek Faksa              0  0  0   0  0   0  0  0  0  0  0/0     5:15   0:00   0:00 
Ryan Hamilton            0  0  0   0  0   1  0  0  0  0  2/6     5:15   0:00   0:00 
Tim Conboy               0  1  1   1  0   0  0  1  0  0  0/0    17:59   2:02   1:38 

Players Stats for Sabres

Player Name              G  A  P  +/- PIM S  H  SB GA TA FO     MP     PP MP  PK MP  
------------------------------------------------------------------------------------
Alexander Frolov         2  0  2   1  0   2  0  0  0  0  20/31  21:26   2:01   3:21 
Andrej Sekera            0  0  0   0  0   0  0  0  0  0  0/0    22:52   2:09   0:00 
Brent Seabrook           0  0  0   0  4   1  2  2  0  0  0/0    21:32   0:00   0:51 
Connor Murphy            0  0  0   1  0   2  1  0  0  0  0/0    19:05   2:09   2:02 
Cory Conacher            0  0  0   0  0   0  0  0  0  0  0/0     5:41   0:00   0:00 
Daniel Briere            0  0  0  -1  2   1  5  0  0  0  12/24  18:23   1:58   0:00 
Darren Helm              0  0  0  -1  0   3  0  0  0  0  1/1    16:26   0:00   0:00 
Dougie Hamilton          0  0  0  -2  0   1  0  2  0  0  0/0    20:30   1:50   2:24 
J.P. Dumont              0  2  2   1  0   2  0  0  0  0  0/1    18:11   1:58   0:09 
James Van Riemsdyk       0  2  2   1  0   3  2  0  0  0  0/1    21:23   1:58   3:21 
Janne Lahti              0  0  0   0  0   0  0  0  0  0  1/2     5:41   0:00   0:00 
Jonathan Blum            0  0  0  -1  0   0  1  0  0  0  0/0     4:30   0:00   0:00 
Mike Iggulden            0  0  0  -1  0   1  4  0  0  0  0/1    13:42   0:00   0:00 
Milan Lucic              0  0  0  -1  0   0  1  0  0  0  1/1    16:30   2:01   0:47 
Nicklas Backstrom        0  0  0  -1  0   6  0  0  0  0  8/13   24:46   2:01   0:38 
Olli Maata               0  0  0   2  0   1  0  1  0  0  0/0    10:24   0:00   0:00 
Simon Despres            0  0  0  -2  0   0  3  3  0  0  0/0    21:05   1:50   2:59 
Victor Rask              0  0  0  -1  0   1  0  0  0  0  5/12   13:42   0:00   0:00 

3 Stars

1 - Leon Draisaitl (MIN)
2 - Jason Pominville (MIN)
3 - Matt Duchene (MIN)

Power Play

Wild - 2 on 3 Attempt(s) - 66,67%
Sabres - 0 on 2 Attempt(s) - 0,00%

Penalty Kill

Wild - 2 on 2 Attempt(s) - 100,00% - Score 0 goal in Penalty Kill
Sabres - 1 on 3 Attempt(s) - 33,33% - Score 0 goal in Penalty Kill

Team Stat

Wild - Hits : 27 - Faceoff Wins : 39 - Blocked Shots : 6 - Penalty Minutes : 4
Sabres - Hits : 19 - Faceoff Wins : 48 - Blocked Shots : 8 - Penalty Minutes : 6

Official

Referees : Dan O'Halloran and Chris Brown
Linesman : Brett Martin and Eric Ernst

Game Notes

No Game Note

Finance

Level 1 -- Attendance: 6250 (100,00%) -- Ticket Income 593 750 $
Level 2 -- Attendance: 5050 (96,19%) -- Ticket Income 303 000 $
Level 3 -- Attendance: 2309 (71,05%) -- Ticket Income 73 888 $
Level 4 -- Attendance: 4250 (100,00%) -- Ticket Income 85 000 $
Luxury Box -- Attendance: 1265 (100,00%) -- Ticket Income 253 000 $
Game was played at the MTS Centre.
Total Attendance: 19124 (94,37%)
Total Ticket Income: 1 308 638 $
Other Income: 641 233 $
Total Income: 1 949 871 $

Wild

5 vs 5 Forward 
   Center                   Left Wing                Right Wing               Time % Phy DF OF 
 1 Matt Duchene             Leon Draisaitl           Jason Pominville         36     0   2  3  
 2 Mikko Koivu              Dylan Hunter             Mark Stone               34     0   2  3  
 3 Drew Miller              Johan Franzen            Peter Olvecky            20     0   2  3  
 4 Ryan Hamilton            Radek Faksa              Colin Wilson             10     0   3  2  

5 vs 5 Defense 
   Defense                  Defense                                           Time % Phy DF OF 
 1 Andy Greene              Ian White                                         36     1   2  2  
 2 Paul Ranger              Marvin Degon                                      32     1   2  2  
 3 Anton Volchenkov         Tim Conboy                                        22     1   2  2  
 4 Andy Greene              Ian White                                         10     1   2  2  

PowerPlay Forward 
   Center                   Left Wing                Right Wing               Time % Phy DF OF 
 1 Johan Franzen            Leon Draisaitl           Matt Duchene             53     0   0  5  
 2 Mikko Koivu              Dylan Hunter             Mark Stone               47     0   0  5  

PowerPlay Defense
   Defense                  Defense                                           Time % Phy DF OF 
 1 Tim Conboy               Andy Greene                                       54     0   2  3  
 2 Ian White                Marvin Degon                                      46     0   2  3  

Penalty Kill 4 Players Forward 
   Center                   Wing                     Time % Phy DF OF 
 1 Leon Draisaitl           Johan Franzen            52     0   4  1  
 2 Mikko Koivu              Mark Stone               48     0   4  1  

Penalty Kill 4 Players Defense
   Defense                  Defense                  Time % Phy DF OF 
 1 Andy Greene              Anton Volchenkov         53     0   4  1  
 2 Tim Conboy               Marvin Degon             47     0   4  1  

Penalty Kill - 3 Players Forward 
   Forward                                           Time % Phy DF OF 
 1 Leon Draisaitl                                    51     0   4  1  
 2 Mark Stone                                        49     0   4  1  

Penalty Kill - 3 Players Defense
   Defense                  Defense                  Time % Phy DF OF 
 1 Ian White                Anton Volchenkov         52     0   5  0  
 2 Paul Ranger              Marvin Degon             48     0   5  0  

4 vs 4 Forward 
   Center                   Wing                     Time % Phy DF OF 
 1 Mark Stone               Johan Franzen            51     0   2  3  
 2 Mikko Koivu              Leon Draisaitl           49     0   2  3  

4 vs 4 Defense
   Defense                  Defense                  Time % Phy DF OF 
 1 Anton Volchenkov         Ian White                52     0   2  3  
 2 Paul Ranger              Marvin Degon             48     0   2  3  

Last Minutes Offensive
   Center                   Left Wing                Right Wing               Defense                  Defense                  
   Matt Duchene             Leon Draisaitl           Jason Pominville         Marvin Degon             Tim Conboy               

Last Minutes Defensive
   Center                   Left Wing                Right Wing               Defense                  Defense                  
   Matt Duchene             Johan Franzen            Mark Stone               Andy Greene              Ian White                

Goaltenders
Starting : Josh Harding             
Backup : John Gibson              

Extra Forwards
Normal : Mark Stone, Johan Franzen, Drew Miller - PP : Mark Stone, Johan Franzen - PK : Drew Miller
Extra Defensemen
Normal : Anton Volchenkov, Marvin Degon, Paul Ranger - PP : Anton Volchenkov - PK : Anton Volchenkov, Paul Ranger
Penalty Shots
Drew Miller, Johan Franzen, Mikko Koivu, Mark Stone, Leon Draisaitl
Custom OT Lines Forwards
Jason Pominville, Matt Duchene, Mikko Koivu, Mark Stone, Leon Draisaitl, Dylan Hunter, Johan Franzen, Drew Miller, Colin Wilson, Peter Olvecky
Custom OT Lines Defensemen
Tim Conboy, Ian White, Paul Ranger, Marvin Degon, Anton Volchenkov

Scratches
Mike Komisarek (Healthy), Nicolas Blanchard (Right Ankle Injury), Yann Danis (Healthy)

Sabres

5 vs 5 Forward 
   Center                   Left Wing                Right Wing               Time % Phy DF OF 
 1 Daniel Briere            Nicklas Backstrom        Darren Helm              40     0   2  3  
 2 Alexander Frolov         James Van Riemsdyk       J.P. Dumont              30     0   2  3  
 3 Nicklas Backstrom        Janne Lahti              Cory Conacher            20     0   2  3  
 4 Victor Rask              Milan Lucic              Mike Iggulden            10     0   3  2  

5 vs 5 Defense 
   Defense                  Defense                                           Time % Phy DF OF 
 1 Brent Seabrook           Andrej Sekera                                     40     0   4  1  
 2 Dougie Hamilton          Simon Despres                                     30     0   4  1  
 3 Connor Murphy            Olli Maata                                        20     0   4  1  
 4 Connor Murphy            Jonathan Blum                                     10     0   5  0  

PowerPlay Forward 
   Center                   Left Wing                Right Wing               Time % Phy DF OF 
 1 Nicklas Backstrom        Alexander Frolov         Milan Lucic              60     0   0  5  
 2 Daniel Briere            James Van Riemsdyk       J.P. Dumont              40     0   0  5  

PowerPlay Defense
   Defense                  Defense                                           Time % Phy DF OF 
 1 Connor Murphy            Andrej Sekera                                     60     0   1  4  
 2 Dougie Hamilton          Simon Despres                                     40     0   1  4  

Penalty Kill 4 Players Forward 
   Center                   Wing                     Time % Phy DF OF 
 1 Alexander Frolov         James Van Riemsdyk       60     0   4  1  
 2 Nicklas Backstrom        Milan Lucic              40     0   4  1  

Penalty Kill 4 Players Defense
   Defense                  Defense                  Time % Phy DF OF 
 1 Connor Murphy            Brent Seabrook           60     0   5  0  
 2 Dougie Hamilton          Simon Despres            40     0   5  0  

Penalty Kill - 3 Players Forward 
   Forward                                           Time % Phy DF OF 
 1 Milan Lucic                                       60     0   5  0  
 2 James Van Riemsdyk                                40     0   5  0  

Penalty Kill - 3 Players Defense
   Defense                  Defense                  Time % Phy DF OF 
 1 Connor Murphy            Andrej Sekera            60     0   5  0  
 2 Dougie Hamilton          Simon Despres            40     0   5  0  

4 vs 4 Forward 
   Center                   Wing                     Time % Phy DF OF 
 1 Milan Lucic              Nicklas Backstrom        60     0   2  3  
 2 Alexander Frolov         James Van Riemsdyk       40     0   2  3  

4 vs 4 Defense
   Defense                  Defense                  Time % Phy DF OF 
 1 Brent Seabrook           Connor Murphy            60     0   4  1  
 2 Dougie Hamilton          Simon Despres            40     0   4  1  

Last Minutes Offensive
   Center                   Left Wing                Right Wing               Defense                  Defense                  
   Nicklas Backstrom        Alexander Frolov         Daniel Briere            Brent Seabrook           Andrej Sekera            

Last Minutes Defensive
   Center                   Left Wing                Right Wing               Defense                  Defense                  
   Nicklas Backstrom        Alexander Frolov         Daniel Briere            Brent Seabrook           Andrej Sekera            

Goaltenders
Starting : Jake Allen               
Backup : Michal Neuvirth          

Extra Forwards
Normal : Nicklas Backstrom, James Van Riemsdyk, Milan Lucic - PP : Milan Lucic, James Van Riemsdyk - PK : Milan Lucic
Extra Defensemen
Normal : Connor Murphy, Simon Despres, Dougie Hamilton - PP : Connor Murphy - PK : Simon Despres, Dougie Hamilton
Penalty Shots
Nicklas Backstrom, James Van Riemsdyk, Milan Lucic, Daniel Briere, Alexander Frolov
Custom OT Lines Forwards
Nicklas Backstrom, Alexander Frolov, Daniel Briere, Darren Helm, Victor Rask, James Van Riemsdyk, Cory Conacher, Milan Lucic, Janne Lahti, Mike Iggulden
Custom OT Lines Defensemen
Brent Seabrook, Olli Maata, Dougie Hamilton, Simon Despres, Connor Murphy

Scratches
Brandon Pirri (Healthy), Jordan Nolan (Healthy)

% Time on Ice - Wild

Lines # - Real PCT - Wanted PCT - Time Play
Normal Forward
1 - 35% - 36% - 18:15
2 - 33% - 34% - 17:11
3 - 22% - 20% - 11:12
4 - 10% - 10% - 5:15
Normal Defense
1 - 34% - 36% - 17:29
2 - 33% - 32% - 17:15
3 - 28% - 22% - 14:19
4 - 5% - 10% - 2:50
PP Forward
1 - 54% - 53% - 2:13
2 - 46% - 47% - 1:55
PP Defense
1 - 49% - 54% - 2:02
2 - 51% - 46% - 2:06
PK Forward
1 - 55% - 52% - 2:12
2 - 45% - 48% - 1:47
PK Defense
1 - 59% - 53% - 2:21
2 - 41% - 47% - 1:38
PK3 Forward
1 - 0% - 51%
2 - 0% - 49%
PK3 Defense
1 - 0% - 52%
2 - 0% - 48%
44 Forward
1 - 0% - 51%
2 - 0% - 49%
44 Defense
1 - 0% - 52%
2 - 0% - 48%
Last Minute Offensive  - 0:00
Last Minute Defensive  - 0:00
Total
Forward - 60:00
Defense - 60:00

% Time on Ice - Sabres

Lines # - Real PCT - Wanted PCT - Time Play
Normal Forward
1 - 32% - 40% - 16:26
2 - 31% - 30% - 16:04
3 - 11% - 20% - 5:41
4 - 26% - 10% - 13:42
Normal Defense
1 - 40% - 40% - 20:43
2 - 31% - 30% - 16:16
3 - 20% - 20% - 10:24
4 - 9% - 10% - 4:30
PP Forward
1 - 51% - 60% - 2:01
2 - 49% - 40% - 1:58
PP Defense
1 - 54% - 60% - 2:09
2 - 46% - 40% - 1:50
PK Forward
1 - 85% - 60% - 3:30
2 - 15% - 40% - 0:38
PK Defense
1 - 49% - 60% - 2:02
2 - 51% - 40% - 2:06
PK3 Forward
1 - 0% - 60%
2 - 0% - 40%
PK3 Defense
1 - 0% - 60%
2 - 0% - 40%
44 Forward
1 - 0% - 60%
2 - 0% - 40%
44 Defense
1 - 0% - 60%
2 - 0% - 40%
Last Minute Offensive  - 0:00
Last Minute Defensive  - 0:00
Total
Forward - 60:00
Defense - 60:00

Play by Play

1st period


0:01 of 1st period - Matt Duchene wins face-off versus Daniel Briere in neutral zone.
0:03 of 1st period - Off-side.
0:04 of 1st period - Mikko Koivu wins face-off versus Alexander Frolov in neutral zone.
0:09 of 1st period - Shot by Mikko Koivu.
0:09 of 1st period - Shot Misses the Net.
0:11 of 1st period - Shot by Marvin Degon.
0:11 of 1st period - Shot Blocked by Simon Despres.
0:13 of 1st period - Shot by Mark Stone.
0:13 of 1st period - Shot Blocked by Simon Despres.
0:15 of 1st period - Shot by Mikko Koivu.
0:15 of 1st period - Stopped by Jake Allen with a rebound.
0:21 of 1st period - Shot by Mark Stone.
0:21 of 1st period - Shot Misses the Net.
1:02 of 1st period - Icing by Ian White.
1:03 of 1st period - Matt Duchene wins face-off versus Daniel Briere in Wild zone.
1:10 of 1st period - Shot by Nicklas Backstrom.
1:10 of 1st period - Stopped by Josh Harding without a rebound.
1:11 of 1st period - Nicklas Backstrom wins face-off versus Drew Miller in Wild zone.
1:31 of 1st period - Icing by Drew Miller.
1:32 of 1st period - Victor Rask wins face-off versus Peter Olvecky in Wild zone.
2:36 of 1st period - Shot by Nicklas Backstrom.
2:36 of 1st period - Deflect By Darren Helm.
2:36 of 1st period - Stopped by Josh Harding with a rebound.
3:13 of 1st period - Matt Duchene is hit by Connor Murphy and loses puck.
3:26 of 1st period - Shot by Matt Duchene.
3:26 of 1st period - Deflect By Jason Pominville.
3:26 of 1st period - Goal by Jason Pominville - Wild : 1 - Sabres : 0.
3:27 of 1st period - Alexander Frolov wins face-off versus Mikko Koivu in neutral zone.
4:07 of 1st period - Icing by Alexander Frolov.
4:08 of 1st period - Alexander Frolov wins face-off versus Ryan Hamilton in Sabres zone.
4:15 of 1st period - Shot by Alexander Frolov.
4:15 of 1st period - Deflect By James Van Riemsdyk.
4:15 of 1st period - Shot Misses the Net.
4:17 of 1st period - Shot by Dougie Hamilton.
4:17 of 1st period - Stopped by Josh Harding without a rebound.
4:18 of 1st period - Jason Pominville wins face-off versus Victor Rask in Wild zone.
4:33 of 1st period - Shot by Mike Iggulden.
4:33 of 1st period - Shot Blocked by Andy Greene.
4:35 of 1st period - Shot by Mike Iggulden.
4:35 of 1st period - Shot Misses the Net.
5:25 of 1st period - Shot by Ryan Hamilton.
5:25 of 1st period - Stopped by Jake Allen without a rebound.
5:26 of 1st period - Alexander Frolov wins face-off versus Mikko Koivu in Sabres zone.
5:47 of 1st period - Shot by Alexander Frolov.
5:47 of 1st period - Deflect By James Van Riemsdyk.
5:47 of 1st period - Shot Misses the Net.
5:49 of 1st period - Shot by Alexander Frolov.
5:49 of 1st period - Shot Misses the Net.
5:51 of 1st period - Shot by Alexander Frolov.
5:51 of 1st period - Shot Misses the Net.
5:53 of 1st period - Shot by Alexander Frolov.
5:53 of 1st period - Shot Misses the Net.
5:55 of 1st period - Shot by Dougie Hamilton.
5:55 of 1st period - Shot Misses the Net.
6:25 of 1st period - Shot by Nicklas Backstrom.
6:25 of 1st period - Stopped by Josh Harding without a rebound.
6:26 of 1st period - Daniel Briere wins face-off versus Ryan Hamilton in Wild zone.
7:41 of 1st period - Shot by Matt Duchene.
7:41 of 1st period - Stopped by Jake Allen without a rebound.
7:42 of 1st period - Alexander Frolov wins face-off versus Drew Miller in Sabres zone.
7:42 of 1st period - Alexander Frolov is hit by Peter Olvecky.
7:56 of 1st period - Shot by Peter Olvecky.
7:56 of 1st period - Stopped by Jake Allen without a rebound.
7:57 of 1st period - Matt Duchene wins face-off versus Mike Iggulden in Sabres zone.
8:23 of 1st period - Shot by Matt Duchene.
8:23 of 1st period - Stopped by Jake Allen without a rebound.
8:24 of 1st period - Mikko Koivu wins face-off versus Nicklas Backstrom in Sabres zone.
8:43 of 1st period - Shot by Nicklas Backstrom.
8:43 of 1st period - Stopped by Josh Harding without a rebound.
8:44 of 1st period - Alexander Frolov wins face-off versus Matt Duchene in Wild zone.
10:43 of 1st period - Shot by Drew Miller.
10:43 of 1st period - Shot Blocked by Brent Seabrook.
10:47 of 1st period - Shot by Johan Franzen.
10:47 of 1st period - Stopped by Jake Allen without a rebound.
10:48 of 1st period - Ryan Hamilton wins face-off versus Victor Rask in Sabres zone.
10:48 of 1st period - Colin Wilson is hit by Simon Despres and loses puck.
10:59 of 1st period - Shot by Mike Iggulden.
10:59 of 1st period - Stopped by Josh Harding without a rebound.
11:00 of 1st period - Matt Duchene wins face-off versus Victor Rask in Wild zone.
11:00 of 1st period - Matt Duchene is hit by Milan Lucic.
11:18 of 1st period - Milan Lucic is hit by Matt Duchene and loses puck.
11:26 of 1st period - Matt Duchene is hit by Simon Despres and loses puck.
11:33 of 1st period - Shot by Leon Draisaitl.
11:33 of 1st period - Stopped by Jake Allen without a rebound.
11:34 of 1st period - Nicklas Backstrom wins face-off versus Mikko Koivu in Sabres zone.
11:34 of 1st period - Nicklas Backstrom is hit by Dylan Hunter.
11:58 of 1st period - Shot by Dylan Hunter.
11:58 of 1st period - Stopped by Jake Allen without a rebound.
11:59 of 1st period - Alexander Frolov wins face-off versus Drew Miller in Sabres zone.
12:43 of 1st period - Icing by Drew Miller.
12:44 of 1st period - Daniel Briere wins face-off versus Drew Miller in Wild zone.
13:12 of 1st period - Shot by Daniel Briere.
13:12 of 1st period - Shot Misses the Net.
13:57 of 1st period - Shot by Dylan Hunter.
13:57 of 1st period - Goal by Dylan Hunter - Wild : 2 - Sabres : 0.
13:58 of 1st period - Ryan Hamilton wins face-off versus Alexander Frolov in neutral zone.
15:39 of 1st period - Shot by Mark Stone.
15:39 of 1st period - Stopped by Jake Allen without a rebound.
15:40 of 1st period - Daniel Briere wins face-off versus Mikko Koivu in Sabres zone.
16:05 of 1st period - Shot by Mark Stone.
16:05 of 1st period - Shot Misses the Net.
16:07 of 1st period - Shot by Mikko Koivu.
16:07 of 1st period - Shot Misses the Net.
16:23 of 1st period - Shot by Dylan Hunter.
16:23 of 1st period - Shot Misses the Net.
16:36 of 1st period - Minor Penalty to Brent Seabrook for Tripping.
16:37 of 1st period - Alexander Frolov wins face-off versus Johan Franzen in Sabres zone.
17:24 of 1st period - Icing by Mark Stone.
17:25 of 1st period - Mikko Koivu wins face-off versus Alexander Frolov in Wild zone.
17:34 of 1st period - Shot by Andy Greene.
17:34 of 1st period - Stopped by Jake Allen without a rebound.
17:35 of 1st period - Nicklas Backstrom wins face-off versus Matt Duchene in Sabres zone.
17:35 of 1st period - Nicklas Backstrom is hit by Johan Franzen.
17:42 of 1st period - Icing by Tim Conboy.
17:43 of 1st period - Johan Franzen wins face-off versus Alexander Frolov in Wild zone.
17:54 of 1st period - Icing by Andy Greene.
17:55 of 1st period - Leon Draisaitl wins face-off versus Alexander Frolov in Wild zone.
18:00 of 1st period - Simon Despres is hit by Leon Draisaitl and loses puck.
18:05 of 1st period - Shot by Matt Duchene.
18:05 of 1st period - Goal by Matt Duchene - Wild : 3 - Sabres : 0.
18:06 of 1st period - Mark Stone wins face-off versus Nicklas Backstrom in neutral zone.
18:11 of 1st period - Shot by Paul Ranger.
18:11 of 1st period - Stopped by Jake Allen without a rebound.
18:12 of 1st period - Mikko Koivu wins face-off versus Nicklas Backstrom in Sabres zone.
18:15 of 1st period - Shot by Mark Stone.
18:15 of 1st period - Shot Misses the Net.
18:38 of 1st period - Off-side.
18:39 of 1st period - Matt Duchene wins face-off versus J.P. Dumont in neutral zone.
18:49 of 1st period - Off-side.
18:50 of 1st period - Daniel Briere wins face-off versus Drew Miller in neutral zone.
18:54 of 1st period - Andrej Sekera is hit by Ian White and loses puck.
19:11 of 1st period - Shot by Drew Miller.
19:11 of 1st period - Shot Blocked by Brent Seabrook.
19:22 of 1st period - Darren Helm is hit by Ian White and loses puck.
Goals for this period are 3 for Wild vs 0 for Sabres.
Shots for this period are 14 for Wild vs 6 for Sabres.

2nd period


0:01 of 2nd period - Nicklas Backstrom wins face-off versus Matt Duchene in neutral zone.
0:01 of 2nd period - Nicklas Backstrom is hit by Leon Draisaitl.
0:10 of 2nd period - Nicklas Backstrom is hit by Ian White and loses puck.
0:41 of 2nd period - Shot by Jason Pominville.
0:41 of 2nd period - Shot Misses the Net.
0:43 of 2nd period - Shot by Jason Pominville.
0:43 of 2nd period - Stopped by Jake Allen with a rebound.
0:45 of 2nd period - Shot by Andy Greene.
0:45 of 2nd period - Stopped by Jake Allen with a rebound.
1:01 of 2nd period - Shot by Dylan Hunter.
1:01 of 2nd period - Shot Misses the Net.
1:07 of 2nd period - Shot by Dylan Hunter.
1:07 of 2nd period - Shot Misses the Net.
1:09 of 2nd period - Shot by Mark Stone.
1:09 of 2nd period - Stopped by Jake Allen with a rebound.
1:40 of 2nd period - Icing by Simon Despres.
1:41 of 2nd period - Janne Lahti wins face-off versus Drew Miller in Sabres zone.
2:20 of 2nd period - Andrej Sekera is hit by Peter Olvecky and loses puck.
2:33 of 2nd period - Brent Seabrook is hit by Jason Pominville and loses puck.
2:50 of 2nd period - Icing by James Van Riemsdyk.
2:51 of 2nd period - Mikko Koivu wins face-off versus Alexander Frolov in Sabres zone.
2:51 of 2nd period - Mikko Koivu is hit by Brent Seabrook.
3:50 of 2nd period - Shot by Milan Lucic.
3:50 of 2nd period - Shot Misses the Net.
3:54 of 2nd period - Shot by Victor Rask.
3:54 of 2nd period - Deflect By Mike Iggulden.
3:54 of 2nd period - Shot Misses the Net.
3:56 of 2nd period - Shot by Connor Murphy.
3:56 of 2nd period - Stopped by Josh Harding without a rebound.
3:57 of 2nd period - Nicklas Backstrom wins face-off versus Drew Miller in Wild zone.
3:57 of 2nd period - Darren Helm is hit by Anton Volchenkov and loses puck.
4:34 of 2nd period - Shot by Drew Miller.
4:34 of 2nd period - Shot Misses the Net.
4:36 of 2nd period - Shot by Johan Franzen.
4:36 of 2nd period - Shot Misses the Net.
5:15 of 2nd period - Andy Greene is hit by Mike Iggulden and loses puck.
5:50 of 2nd period - Shot by James Van Riemsdyk.
5:50 of 2nd period - Stopped by Josh Harding without a rebound.
5:51 of 2nd period - Mikko Koivu wins face-off versus Nicklas Backstrom in Wild zone.
5:58 of 2nd period - Shot by Nicklas Backstrom.
5:58 of 2nd period - Shot Blocked by Paul Ranger.
6:46 of 2nd period - Shot by Johan Franzen.
6:46 of 2nd period - Shot Misses the Net.
6:48 of 2nd period - Shot by Anton Volchenkov.
6:48 of 2nd period - Shot Misses the Net.
6:50 of 2nd period - Shot by Anton Volchenkov.
6:50 of 2nd period - Stopped by Jake Allen without a rebound.
6:51 of 2nd period - Alexander Frolov wins face-off versus Ryan Hamilton in Sabres zone.
6:56 of 2nd period - Shot by Colin Wilson.
6:56 of 2nd period - Shot Misses the Net.
6:58 of 2nd period - Shot by Anton Volchenkov.
6:58 of 2nd period - Stopped by Jake Allen with a rebound.
7:00 of 2nd period - Shot by Colin Wilson.
7:00 of 2nd period - Stopped by Jake Allen without a rebound.
7:01 of 2nd period - Alexander Frolov wins face-off versus Drew Miller in Sabres zone.
7:10 of 2nd period - Shot by Alexander Frolov.
7:10 of 2nd period - Goal by Alexander Frolov - Wild : 3 - Sabres : 1.
7:11 of 2nd period - Victor Rask wins face-off versus Matt Duchene in neutral zone.
7:11 of 2nd period - Victor Rask is hit by Leon Draisaitl.
7:32 of 2nd period - Mike Iggulden is hit by Anton Volchenkov and loses puck.
8:21 of 2nd period - Shot by J.P. Dumont.
8:21 of 2nd period - Shot Blocked by Mikko Koivu.
8:23 of 2nd period - Shot by Olli Maata.
8:23 of 2nd period - Stopped by Josh Harding with a rebound.
8:27 of 2nd period - Shot by James Van Riemsdyk.
8:27 of 2nd period - Stopped by Josh Harding with a rebound.
8:29 of 2nd period - Shot by J.P. Dumont.
8:29 of 2nd period - Shot Blocked by Andy Greene.
8:31 of 2nd period - Shot by Alexander Frolov.
8:31 of 2nd period - Goal by Alexander Frolov - Wild : 3 - Sabres : 2.
8:32 of 2nd period - Daniel Briere wins face-off versus Drew Miller in neutral zone.
9:36 of 2nd period - Andy Greene is hit by James Van Riemsdyk and loses puck.
10:05 of 2nd period - Shot by Matt Duchene.
10:05 of 2nd period - Shot Blocked by Olli Maata.
10:09 of 2nd period - Shot by Matt Duchene.
10:09 of 2nd period - Stopped by Jake Allen without a rebound.
10:10 of 2nd period - Mikko Koivu wins face-off versus Victor Rask in Sabres zone.
10:10 of 2nd period - Tim Conboy is hit by Simon Despres.
11:23 of 2nd period - Off-side.
11:24 of 2nd period - Alexander Frolov wins face-off versus Matt Duchene in neutral zone.
11:24 of 2nd period - Alexander Frolov is hit by Leon Draisaitl.
11:25 of 2nd period - Double Minor Penalty to Ian White for High sticking.
11:26 of 2nd period - Daniel Briere wins face-off versus Leon Draisaitl in Wild zone.
11:29 of 2nd period - Shot by Daniel Briere.
11:29 of 2nd period - Deflect By J.P. Dumont.
11:29 of 2nd period - Shot Misses the Net.
11:31 of 2nd period - Shot by Daniel Briere.
11:31 of 2nd period - Shot Blocked by Paul Ranger.
11:33 of 2nd period - Shot by Connor Murphy.
11:33 of 2nd period - Stopped by Josh Harding without a rebound.
11:34 of 2nd period - Nicklas Backstrom wins face-off versus Leon Draisaitl in Wild zone.
12:04 of 2nd period - Shot by Nicklas Backstrom.
12:04 of 2nd period - Stopped by Josh Harding without a rebound.
12:05 of 2nd period - Mikko Koivu wins face-off versus Daniel Briere in Wild zone.
12:14 of 2nd period - Dougie Hamilton is hit by Mikko Koivu and loses puck.
12:48 of 2nd period - Shot by Dougie Hamilton.
12:48 of 2nd period - Shot Misses the Net.
13:21 of 2nd period - Icing by Nicklas Backstrom.
13:22 of 2nd period - Nicklas Backstrom wins face-off versus Mikko Koivu in Sabres zone.
13:46 of 2nd period - Off-side.
13:47 of 2nd period - Leon Draisaitl wins face-off versus Daniel Briere in neutral zone.
13:47 of 2nd period - Tim Conboy is hit by Daniel Briere and loses puck.
15:02 of 2nd period - Shot by Milan Lucic.
15:02 of 2nd period - Shot Blocked by Tim Conboy.
16:20 of 2nd period - Shot by Connor Murphy.
16:20 of 2nd period - Shot Misses the Net.
16:22 of 2nd period - Shot by Milan Lucic.
16:22 of 2nd period - Deflect By Victor Rask.
16:22 of 2nd period - Stopped by Josh Harding without a rebound.
16:23 of 2nd period - Drew Miller wins face-off versus Alexander Frolov in Wild zone.
16:23 of 2nd period - Drew Miller is hit by James Van Riemsdyk.
17:04 of 2nd period - Dougie Hamilton is hit by Anton Volchenkov and loses puck.
17:27 of 2nd period - Shot by Mark Stone.
17:27 of 2nd period - Stopped by Jake Allen without a rebound.
17:28 of 2nd period - Matt Duchene wins face-off versus Victor Rask in Sabres zone.
18:01 of 2nd period - Shot by Jason Pominville.
18:01 of 2nd period - Stopped by Jake Allen with a rebound.
18:03 of 2nd period - Shot by Jason Pominville.
18:03 of 2nd period - Shot Misses the Net.
18:31 of 2nd period - Shot by Mark Stone.
18:31 of 2nd period - Stopped by Jake Allen without a rebound.
18:32 of 2nd period - Nicklas Backstrom wins face-off versus Drew Miller in Sabres zone.
18:37 of 2nd period - Off-side.
18:38 of 2nd period - Darren Helm wins face-off versus Drew Miller in neutral zone.
19:06 of 2nd period - Shot by Drew Miller.
19:06 of 2nd period - Shot Misses the Net.
19:08 of 2nd period - Shot by Peter Olvecky.
19:08 of 2nd period - Stopped by Jake Allen without a rebound.
19:09 of 2nd period - Alexander Frolov wins face-off versus Matt Duchene in Sabres zone.
19:28 of 2nd period - Shot by Leon Draisaitl.
19:28 of 2nd period - Stopped by Jake Allen without a rebound.
19:29 of 2nd period - Mikko Koivu wins face-off versus Janne Lahti in Sabres zone.
19:44 of 2nd period - Shot by Mikko Koivu.
19:44 of 2nd period - Stopped by Jake Allen without a rebound.
19:45 of 2nd period - Leon Draisaitl wins face-off versus Alexander Frolov in Sabres zone.
19:45 of 2nd period - Jason Pominville is hit by Jonathan Blum and loses puck.
Goals for this period are 0 for Wild vs 2 for Sabres.
Shots for this period are 13 for Wild vs 9 for Sabres.

3rd period


0:01 of 3rd period - Matt Duchene wins face-off versus Daniel Briere in neutral zone.
0:14 of 3rd period - Shot by Daniel Briere.
0:14 of 3rd period - Stopped by Josh Harding without a rebound.
0:15 of 3rd period - Alexander Frolov wins face-off versus Mikko Koivu in Wild zone.
0:20 of 3rd period - Shot by James Van Riemsdyk.
0:20 of 3rd period - Stopped by Josh Harding without a rebound.
0:21 of 3rd period - Matt Duchene wins face-off versus Daniel Briere in Wild zone.
0:25 of 3rd period - Off-side.
0:26 of 3rd period - Daniel Briere wins face-off versus Matt Duchene in neutral zone.
0:59 of 3rd period - Shot by Leon Draisaitl.
0:59 of 3rd period - Stopped by Jake Allen without a rebound.
1:00 of 3rd period - Mikko Koivu wins face-off versus Alexander Frolov in Sabres zone.
1:40 of 3rd period - James Van Riemsdyk is hit by Marvin Degon and loses puck.
1:50 of 3rd period - Icing by Paul Ranger.
1:51 of 3rd period - Mikko Koivu wins face-off versus Daniel Briere in Wild zone.
1:51 of 3rd period - Mikko Koivu is hit by Daniel Briere.
1:54 of 3rd period - Icing by Marvin Degon.
1:55 of 3rd period - Mikko Koivu wins face-off versus Nicklas Backstrom in Wild zone.
2:14 of 3rd period - Shot by Nicklas Backstrom.
2:14 of 3rd period - Stopped by Josh Harding without a rebound.
2:15 of 3rd period - Victor Rask wins face-off versus Matt Duchene in Wild zone.
2:36 of 3rd period - Shot by Milan Lucic.
2:36 of 3rd period - Shot Hit the Post.
2:38 of 3rd period - Shot by Olli Maata.
2:38 of 3rd period - Shot Misses the Net.
3:35 of 3rd period - Minor Penalty to Brent Seabrook for Goalie Interference.
3:36 of 3rd period - Alexander Frolov wins face-off versus Mikko Koivu in Sabres zone.
3:36 of 3rd period - Alexander Frolov is hit by Dylan Hunter.
3:43 of 3rd period - Icing by Marvin Degon.
3:44 of 3rd period - Alexander Frolov wins face-off versus Mikko Koivu in Wild zone.
3:44 of 3rd period - Dougie Hamilton is hit by Ian White and loses puck.
4:05 of 3rd period - Shot by Mikko Koivu.
4:05 of 3rd period - Shot Blocked by Dougie Hamilton.
4:07 of 3rd period - Shot by Marvin Degon.
4:07 of 3rd period - Stopped by Jake Allen without a rebound.
4:08 of 3rd period - Johan Franzen wins face-off versus Alexander Frolov in Sabres zone.
4:15 of 3rd period - Shot by Leon Draisaitl.
4:15 of 3rd period - Goal by Leon Draisaitl - Wild : 4 - Sabres : 2.
4:16 of 3rd period - Daniel Briere wins face-off versus Leon Draisaitl in neutral zone.
4:29 of 3rd period - Shot by Nicklas Backstrom.
4:29 of 3rd period - Deflect By Daniel Briere.
4:29 of 3rd period - Shot Misses the Net.
4:31 of 3rd period - Shot by Brent Seabrook.
4:31 of 3rd period - Stopped by Josh Harding without a rebound.
4:32 of 3rd period - Alexander Frolov wins face-off versus Mark Stone in Wild zone.
4:37 of 3rd period - Shot by James Van Riemsdyk.
4:37 of 3rd period - Shot Misses the Net.
5:37 of 3rd period - Icing by Dylan Hunter.
5:38 of 3rd period - Mikko Koivu wins face-off versus Daniel Briere in Wild zone.
6:13 of 3rd period - Shot by Nicklas Backstrom.
6:13 of 3rd period - Shot Misses the Net.
6:49 of 3rd period - Milan Lucic is hit by Ian White and loses puck.
7:20 of 3rd period - Icing by Mike Iggulden.
7:21 of 3rd period - Milan Lucic wins face-off versus Drew Miller in Sabres zone.
8:21 of 3rd period - James Van Riemsdyk is hit by Anton Volchenkov and loses puck.
8:35 of 3rd period - Icing by Anton Volchenkov.
8:36 of 3rd period - Drew Miller wins face-off versus Daniel Briere in Wild zone.
8:36 of 3rd period - Tim Conboy is hit by Daniel Briere and loses puck.
9:58 of 3rd period - Shot by Dylan Hunter.
9:58 of 3rd period - Shot Misses the Net.
10:00 of 3rd period - Shot by Mikko Koivu.
10:00 of 3rd period - Stopped by Jake Allen without a rebound.
10:01 of 3rd period - Alexander Frolov wins face-off versus Matt Duchene in Sabres zone.
10:30 of 3rd period - Shot by Jason Pominville.
10:30 of 3rd period - Shot Misses the Net.
10:32 of 3rd period - Shot by Jason Pominville.
10:32 of 3rd period - Shot Misses the Net.
10:46 of 3rd period - Shot by Jason Pominville.
10:46 of 3rd period - Stopped by Jake Allen without a rebound.
10:47 of 3rd period - Mikko Koivu wins face-off versus Daniel Briere in Sabres zone.
10:47 of 3rd period - Dylan Hunter is hit by Brent Seabrook and loses puck.
11:13 of 3rd period - Icing by Paul Ranger.
11:14 of 3rd period - Mikko Koivu wins face-off versus Victor Rask in Wild zone.
11:37 of 3rd period - Paul Ranger is hit by Mike Iggulden and loses puck.
11:44 of 3rd period - Olli Maata is hit by Dylan Hunter and loses puck.
11:55 of 3rd period - Andy Greene is hit by Mike Iggulden and loses puck.
12:10 of 3rd period - Shot by Matt Duchene.
12:10 of 3rd period - Stopped by Jake Allen without a rebound.
12:11 of 3rd period - Daniel Briere wins face-off versus Ryan Hamilton in Sabres zone.
12:32 of 3rd period - Off-side.
12:33 of 3rd period - Alexander Frolov wins face-off versus Matt Duchene in neutral zone.
12:38 of 3rd period - Shot by J.P. Dumont.
12:38 of 3rd period - Stopped by Josh Harding without a rebound.
12:39 of 3rd period - Daniel Briere wins face-off versus Matt Duchene in Wild zone.
12:42 of 3rd period - Shot by Darren Helm.
12:42 of 3rd period - Stopped by Josh Harding without a rebound.
12:43 of 3rd period - Mikko Koivu wins face-off versus Daniel Briere in Wild zone.
12:43 of 3rd period - Mikko Koivu is hit by Daniel Briere.
13:53 of 3rd period - Alexander Frolov is hit by Dylan Hunter and loses puck.
14:05 of 3rd period - J.P. Dumont is hit by Marvin Degon and loses puck.
14:27 of 3rd period - Icing by Marvin Degon.
14:28 of 3rd period - Victor Rask wins face-off versus Matt Duchene in Wild zone.
15:25 of 3rd period - Minor Penalty to Daniel Briere for Hooking.
15:26 of 3rd period - Alexander Frolov wins face-off versus Mikko Koivu in Sabres zone.
15:37 of 3rd period - Shot by Mikko Koivu.
15:37 of 3rd period - Shot Blocked by Dougie Hamilton.
15:39 of 3rd period - Shot by Mikko Koivu.
15:39 of 3rd period - Stopped by Jake Allen without a rebound.
15:40 of 3rd period - Mikko Koivu wins face-off versus Alexander Frolov in Sabres zone.
15:41 of 3rd period - Shot by Andy Greene.
15:41 of 3rd period - Stopped by Jake Allen without a rebound.
15:42 of 3rd period - Alexander Frolov wins face-off versus Mikko Koivu in Sabres zone.
15:51 of 3rd period - Shot by Dylan Hunter.
15:51 of 3rd period - Deflect By Mikko Koivu.
15:51 of 3rd period - Shot Misses the Net.
15:57 of 3rd period - Shot by Andy Greene.
15:57 of 3rd period - Shot Misses the Net.
15:59 of 3rd period - Shot by Andy Greene.
15:59 of 3rd period - Shot Misses the Net.
16:01 of 3rd period - Shot by Dylan Hunter.
16:01 of 3rd period - Shot Misses the Net.
16:15 of 3rd period - Shot by Andy Greene.
16:15 of 3rd period - Shot Misses the Net.
16:17 of 3rd period - Shot by Dylan Hunter.
16:17 of 3rd period - Deflect By Mikko Koivu.
16:17 of 3rd period - Shot Blocked by Simon Despres.
18:21 of 3rd period - Shot by Drew Miller.
18:21 of 3rd period - Shot Hit the Post.
18:23 of 3rd period - Shot by Ian White.
18:23 of 3rd period - Stopped by Jake Allen without a rebound.
18:24 of 3rd period - Victor Rask wins face-off versus Mark Stone in Sabres zone.
18:24 of 3rd period - Victor Rask is hit by Dylan Hunter.
18:37 of 3rd period - Mikko Koivu is hit by Mike Iggulden and loses puck.
18:53 of 3rd period - Icing by Paul Ranger.
18:54 of 3rd period - Mikko Koivu wins face-off versus James Van Riemsdyk in Wild zone.
19:16 of 3rd period - Shot by J.P. Dumont.
19:16 of 3rd period - Stopped by Josh Harding without a rebound.
19:17 of 3rd period - Matt Duchene wins face-off versus Victor Rask in Wild zone.
19:24 of 3rd period - Shot by Jason Pominville.
19:24 of 3rd period - Stopped by Jake Allen without a rebound.
19:25 of 3rd period - Alexander Frolov wins face-off versus Matt Duchene in Sabres zone.
19:25 of 3rd period - Alexander Frolov is hit by Leon Draisaitl.
19:40 of 3rd period - Shot by Andy Greene.
19:40 of 3rd period - Goal by Andy Greene - Wild : 5 - Sabres : 2.
19:41 of 3rd period - Daniel Briere wins face-off versus Drew Miller in neutral zone.
19:48 of 3rd period - Shot by Darren Helm.
19:48 of 3rd period - Stopped by Josh Harding without a rebound.
19:49 of 3rd period - Daniel Briere wins face-off versus Matt Duchene in Wild zone.
19:50 of 3rd period - Shot by Nicklas Backstrom.
19:50 of 3rd period - Stopped by Josh Harding without a rebound.
19:51 of 3rd period - Mikko Koivu wins face-off versus Daniel Briere in Wild zone.
19:51 of 3rd period - Mikko Koivu is hit by Daniel Briere.
Goals for this period are 2 for Wild vs 0 for Sabres.
Shots for this period are 11 for Wild vs 9 for Sabres.